HSSL
OCEANSIDE HS PIRATES @ OTSEGO HS BULLDOGS
05/06/2023
 
TOP OF THE 1ST
Oceanside HS Pirates batting - Pitching for Otsego HS Bulldogs : RHP Errol Murphy
Pitching: RHP Errol Murphy
Batting: RHB Stan Taylor 0-0: Ball
1-0: Called Strike
1-1: Foul Ball, location: 2F
1-2: Strikes out swinging
Batting: SHB Ryan Holcomb 0-0: Foul Ball, location: 2F
0-1: Ball
1-1: Bunt for hit - play at first, batter safe!
Batting: LHB Michael Hanson 0-0: Called Strike
0-1: Foul Ball, location: 2F
0-2: Ball
1-2: Ball
2-2: Strikes out swinging
Batting: RHB Jeffery Evans 0-0: Called Strike
0-1: Fielders Choice at 2nd, 5-4 (Groundball, 56)
Top of the 1st over - 0 run(s), 1 hit(s), 0 error(s), 0 left on base; Oceanside HS 0 - Otsego HS 0
BOTTOM OF THE 1ST
Otsego HS Bulldogs batting - Pitching for Oceanside HS Pirates : RHP David Berry
Pitching: RHP David Berry
Batting: RHB Carl O'Dell 0-0: Called Strike
0-1: DOUBLE (Line Drive, 5L)
Batting: RHB Vaughan Tillman 0-0: Swinging Strike
0-1: Fly out, F9 (Flyball, 89M)
Batting: LHB Ken Nelson 0-0: Ball
1-0: Called Strike
1-1: Ball
2-1: Foul Ball, location: 2F
2-2: Ground out 4-3 (Groundball, 34)
Carl O'Dell to third
Batting: LHB Tom Hall 0-0: Ball
1-0: SINGLE (Flyball, 8LS)
Carl O'Dell scores
Batting: RHB Dave Marshall 0-0: Ball
1-0: Called Strike
1-1: Ball
2-1: Fly out, F7 (Flyball, 7M)
Bottom of the 1st over - 1 run(s), 2 hit(s), 0 error(s), 1 left on base; Oceanside HS 0 - Otsego HS 1
TOP OF THE 2ND
Oceanside HS Pirates batting - Pitching for Otsego HS Bulldogs : RHP Errol Murphy
Batting: RHB Juan Reyes 0-0: Ground out U3 (Groundball, 3S)
Batting: LHB Jon Quinn 0-0: Ball
1-0: Ball
2-0: Fly out, F9 (Line Drive, 9M)
Batting: RHB Joe Rogers 0-0: Ball
1-0: Called Strike
1-1: Ball
2-1: Foul Ball, location: 2F
2-2: Strikes out swinging
Top of the 2nd over - 0 run(s), 0 hit(s), 0 error(s), 0 left on base; Oceanside HS 0 - Otsego HS 1
BOTTOM OF THE 2ND
Otsego HS Bulldogs batting - Pitching for Oceanside HS Pirates : RHP David Berry
Batting: LHB Peter Puckett 0-0: Called Strike
0-1: Foul Ball, location: 2F
0-2: Ball
1-2: Strikes out swinging
Batting: LHB Carl Hayden 0-0: Called Strike
0-1: SOLO HOME RUN (Flyball, 89XD), Distance : 425 ft
Batting: RHB Daniel Dillard 0-0: Ball
1-0: Ball
2-0: Ball
3-0: Base on Balls
Batting: RHB Jorge López 0-0: Called Strike
0-1: Foul Ball, location: 2F
0-2: Ball
1-2: Ball
2-2: Strikes out looking
Batting: RHB Carl O'Dell 0-0: Ball
Wild Pitch!
Daniel Dillard to second
1-0: Ground out 6-3 (Groundball, 6MS)
Bottom of the 2nd over - 1 run(s), 1 hit(s), 0 error(s), 1 left on base; Oceanside HS 0 - Otsego HS 2
TOP OF THE 3RD
Oceanside HS Pirates batting - Pitching for Otsego HS Bulldogs : RHP Errol Murphy
Batting: LHB Xavier Rivera 0-0: Foul Ball, location: 2F
0-1: Ball
1-1: Ball
Single, Error in OF, E9, batter to second base
Batting: RHB Bill Davis 0-0: Called Strike
0-1: Ball
1-1: Foul Ball, location: 2F
1-2: Strikes out swinging
Batting: RHB Stan Taylor 0-0: Called Strike
0-1: Called Strike
0-2: Foul Ball, location: 2F
0-2: Foul Ball, location: 2F
0-2: Ball
1-2: Fly out, F6 (Popup, 5DF)
Batting: SHB Ryan Holcomb 0-0: Ball
1-0: Swinging Strike
1-1: Ground out 6-3 (Groundball, 6)
Top of the 3rd over - 0 run(s), 1 hit(s), 1 error(s), 1 left on base; Oceanside HS 0 - Otsego HS 2
BOTTOM OF THE 3RD
Otsego HS Bulldogs batting - Pitching for Oceanside HS Pirates : RHP David Berry
Batting: RHB Vaughan Tillman 0-0: Ball
1-0: DOUBLE (Line Drive, 7LM)
Batting: LHB Ken Nelson 0-0: Called Strike
0-1: Ball
1-1: 2-RUN HOME RUN (Flyball, 9D), Distance : 398 ft
Batting: LHB Tom Hall 0-0: Called Strike
0-1: Ball
1-1: Ball
2-1: Ball
3-1: Base on Balls
Batting: RHB Dave Marshall 0-0: Called Strike
0-1: 2-RUN HOME RUN (Flyball, 78XD), Distance : 432 ft
Batting: LHB Peter Puckett 0-0: Ball
1-0: Foul Ball, location: 2F
1-1: Called Strike
1-2: Ball
2-2: Ball
3-2: Fly out, F9 (Flyball, 89M)
Batting: LHB Carl Hayden 0-0: SINGLE (Groundball, 4)
Batting: RHB Daniel Dillard 0-0: Ball
1-0: Foul Ball, location: 2F
1-1: Foul Ball, location: 2F
1-2: Foul Ball, location: 2F
1-2: Ball
2-2: Foul Ball, location: 2F
2-2: Strikes out swinging
Batting: RHB Jorge López 0-0: Called Strike
0-1: Called Strike
0-2: Foul Ball, location: 2F
0-2: Ball
1-2: Foul Ball, location: 2F
1-2: Ball
2-2: SINGLE (Flyball, 34D)
Carl Hayden to second
Runner from 2nd tries for 3rd, SAFE, throw made to third
Batting: RHB Carl O'Dell 0-0: Ball
1-0: Foul Ball, location: 2F
1-1: SINGLE (Line Drive, 7S)
Carl Hayden scores
Jorge López to second
Batting: RHB Vaughan Tillman 0-0: Foul Ball, location: 2F
0-1: Called Strike
0-2: DOUBLE (Line Drive, 7LD)
Jorge López scores
Carl O'Dell to third
Runner from 3rd tries for Home, SAFE, no throw or cutoff
Pitching: RHP Adam Lawson
Batting: LHB Ken Nelson 0-0: Swinging Strike
0-1: DOUBLE (Flyball, 78XD)
Vaughan Tillman scores
Batting: LHB Tom Hall 0-0: Called Strike
0-1: Ball
1-1: Ball
2-1: Foul Ball, location: 2F
2-2: Foul Ball, location: 2F
2-2: Fly out, F7 (Flyball, 78D)
Bottom of the 3rd over - 8 run(s), 8 hit(s), 0 error(s), 1 left on base; Oceanside HS 0 - Otsego HS 10
TOP OF THE 4TH
Oceanside HS Pirates batting - Pitching for Otsego HS Bulldogs : RHP Errol Murphy
Batting: LHB Michael Hanson 0-0: Ball
1-0: Swinging Strike
1-1: Ball
2-1: Foul Ball, location: 2F
2-2: SINGLE (Groundball, 56D)
Batting: RHB Jeffery Evans 0-0: Ball
1-0: Ball
2-0: Foul Ball, location: 2F
2-1: Foul Ball, location: 2F
2-2: Ball
3-2: Fielders Choice at 2nd, 1-6 (Groundball, 25)
Batting: RHB Juan Reyes 0-0: Called Strike
0-1: Ball
1-1: Ball
2-1: SINGLE (Flyball, 9LS)
Jeffery Evans to second
Throwing error, E9
Jeffery Evans scores
Juan Reyes to second
Batting: LHB Jon Quinn 0-0: Ball
1-0: Called Strike
1-1: Ball
2-1: Swinging Strike
2-2: Strikes out swinging
Batting: RHB Joe Rogers 0-0: Foul Ball, location: 2F
0-1: Called Strike
0-2: Ball
1-2: Ball
2-2: Fly out, F7 (Flyball, 7D)
Top of the 4th over - 1 run(s), 2 hit(s), 1 error(s), 1 left on base; Oceanside HS 1 - Otsego HS 10
BOTTOM OF THE 4TH
Otsego HS Bulldogs batting - Pitching for Oceanside HS Pirates : RHP Adam Lawson
Batting: RHB Dave Marshall 0-0: Ball
1-0: Ball
2-0: Called Strike
2-1: Foul Ball, location: 2F
2-2: Ball
3-2: Foul Ball, location: 2F
3-2: Base on Balls
Batting: LHB Peter Puckett Pickoff Throw to First - Error! E1
Dave Marshall to second
0-0: Called Strike
0-1: Ball
1-1: Foul Ball, location: 2F
1-2: Foul Ball, location: 2F
1-2: Ball
2-2: Foul Ball, location: 2F
2-2: Foul Ball, location: 2F
2-2: Foul Ball, location: 2F
2-2: Strikes out swinging
Batting: LHB Carl Hayden 0-0: Called Strike
0-1: Ball
1-1: Ball
2-1: Fly out, F2 (Popup, 2LF)
Batting: RHB Daniel Dillard 0-0: Called Strike
0-1: Called Strike
0-2: Strikes out swinging
Bottom of the 4th over - 0 run(s), 0 hit(s), 1 error(s), 1 left on base; Oceanside HS 1 - Otsego HS 10
TOP OF THE 5TH
Oceanside HS Pirates batting - Pitching for Otsego HS Bulldogs : RHP Errol Murphy
Batting: LHB Xavier Rivera 0-0: Ball
1-0: Swinging Strike
1-1: Ball
2-1: Foul Ball, location: 2F
2-2: Strikes out swinging
Batting: RHB Bill Davis 0-0: SINGLE (Groundball, 34D)
Batting: RHB Stan Taylor 0-0: Ball
1-0: Ball
2-0: Fly out, F8 (Flyball, 78M)
Batting: SHB Ryan Holcomb 0-0: Ball
1-0: Fly out, F2 (Popup, 25F)
Top of the 5th over - 0 run(s), 1 hit(s), 0 error(s), 1 left on base; Oceanside HS 1 - Otsego HS 10
BOTTOM OF THE 5TH
Otsego HS Bulldogs batting - Pitching for Oceanside HS Pirates : RHP Adam Lawson
Batting: RHB Jorge López 0-0: Ball
1-0: Fly out, F9 (Flyball, 89D)
Batting: RHB Carl O'Dell 0-0: Ball
Single, Error in OF, E7, batter to second base
Batting: RHB Vaughan Tillman 0-0: Ball
1-0: Reached on error, E1 (Groundball, 25)
Carl O'Dell to third
Batting: LHB Ken Nelson 0-0: Ball
1-0: Ball
2-0: Ball
3-0: Called Strike
3-1: Fielders Choice at 2nd, 6-4 (Groundball, 6M)
Carl O'Dell scores
Batting: LHB Tom Hall 0-0: Ball
1-0: Foul Ball, location: 2F
1-1: Swinging Strike
1-2: Ball
2-2: Strikes out swinging
Bottom of the 5th over - 1 run(s), 1 hit(s), 2 error(s), 1 left on base; Oceanside HS 1 - Otsego HS 11
TOP OF THE 6TH
Oceanside HS Pirates batting - Pitching for Otsego HS Bulldogs : RHP Errol Murphy
Batting: LHB Michael Hanson 0-0: Ball
1-0: Foul Ball, location: 2F
1-1: Ball
2-1: Ball
3-1: Foul Ball, location: 2F
3-2: Base on Balls
Pitching: RHP José Padilla
Pinch Hitting: RHB Jake Brown 0-0: Called Strike
0-1: Called Strike
0-2: Strikes out swinging
Batting: RHB Juan Reyes 0-0: Swinging Strike
0-1: Ball
1-1: Foul Ball, location: 2F
1-2: Ball
2-2: Strikes out swinging
Batting: LHB Jon Quinn 0-0: Ball
1-0: Ball
2-0: Called Strike
2-1: Called Strike
2-2: Strikes out swinging
Top of the 6th over - 0 run(s), 0 hit(s), 0 error(s), 1 left on base; Oceanside HS 1 - Otsego HS 11
BOTTOM OF THE 6TH
Otsego HS Bulldogs batting - Pitching for Oceanside HS Pirates : RHP Adam Lawson
Pitching: RHP Scott Barteaux
Now at 2B: Jake Brown
Pinch Hitting: RHB Mike Allen 0-0: Ball
1-0: Called Strike
1-1: Fly out, F5 (Popup, 15)
Batting: LHB Peter Puckett 0-0: Ball
1-0: Ball
2-0: Swinging Strike
2-1: Ball
3-1: Base on Balls
Batting: LHB Carl Hayden 0-0: Ball
1-0: Fly out, F7 (Flyball, 78M)
Batting: RHB Daniel Dillard 0-0: Ball
1-0: Ball
2-0: Called Strike
2-1: Ball
3-1: Foul Ball, location: 2F
3-2: Strikes out looking
Bottom of the 6th over - 0 run(s), 0 hit(s), 0 error(s), 1 left on base; Oceanside HS 1 - Otsego HS 11
TOP OF THE 7TH
Oceanside HS Pirates batting - Pitching for Otsego HS Bulldogs : RHP José Padilla
Now at 3B: Kyle Watkins
Batting: RHB Joe Rogers 0-0: Foul Ball, location: 2F
0-1: Foul Ball, location: 2F
0-2: Strikes out swinging
Batting: LHB Xavier Rivera 0-0: Ball
1-0: Ball
2-0: Ball
3-0: Base on Balls
Batting: RHB Bill Davis 0-0: Ball
1-0: Fly out, F8 (Flyball, 8LS)
Batting: RHB Stan Taylor 0-0: Reached on error, E4 (Groundball, 34)
Xavier Rivera to second
Batting: SHB Ryan Holcomb 0-0: Ball
1-0: Called Strike
1-1: Fly out, F8 (Flyball, 8LM)
Top of the 7th over - 0 run(s), 0 hit(s), 1 error(s), 2 left on base; Oceanside HS 1 - Otsego HS 11
BOTTOM OF THE 7TH
Otsego HS Bulldogs batting - Pitching for Oceanside HS Pirates : RHP Scott Barteaux
Batting: RHB Jorge López 0-0: Ball
1-0: Foul Ball, location: 2F
1-1: SINGLE (Line Drive, 6D)
Batting: RHB Carl O'Dell 0-0: Ball
1-0: Ball
2-0: Sac Bunt - play at first, batter OUT! 2-4
Jorge López to second
Batting: RHB Vaughan Tillman 0-0: Called Strike
0-1: Ball
1-1: SINGLE (Groundball, 34)
Jorge López to third
Batting: LHB Ken Nelson 0-0: Called Strike
0-1: Ball
1-1: Foul Ball, location: 2F
1-2: Strikes out swinging
Batting: LHB Tom Hall 0-0: Called Strike
0-1: Ball
1-1: Ball
2-1: SINGLE (Groundball, 6MD)
Jorge López scores
Vaughan Tillman to second
Runner from 2nd tries for 3rd, OUT after rundown.
Bottom of the 7th over - 1 run(s), 3 hit(s), 0 error(s), 1 left on base; Oceanside HS 1 - Otsego HS 12
TOP OF THE 8TH
Oceanside HS Pirates batting - Pitching for Otsego HS Bulldogs : RHP José Padilla
Pitching: RHP Kevin Lyon
Batting: LHB Michael Hanson 0-0: Swinging Strike
0-1: Ball
1-1: SINGLE (Line Drive, 6MD)
Batting: RHB Jake Brown 0-0: Swinging Strike
0-1: Called Strike
0-2: Strikes out swinging
Batting: RHB Juan Reyes 0-0: Called Strike
0-1: Ball
1-1: Foul Ball, location: 2F
1-2: SINGLE (Line Drive, 5D)
Michael Hanson to second
Batting: LHB Jon Quinn 0-0: Called Strike
0-1: Foul Ball, location: 2F
0-2: Fly out, F4 (Popup, 6MD)
Batting: RHB Joe Rogers 0-0: SINGLE (Groundball, 34)
Michael Hanson to third
Juan Reyes to second
Runner from 3rd tries for Home, SAFE, no throw or cutoff
Batting: LHB Xavier Rivera 0-0: Called Strike
0-1: Foul Ball, location: 2F
0-2: Strikes out swinging
Top of the 8th over - 1 run(s), 3 hit(s), 0 error(s), 2 left on base; Oceanside HS 2 - Otsego HS 12
BOTTOM OF THE 8TH
Otsego HS Bulldogs batting - Pitching for Oceanside HS Pirates : RHP Scott Barteaux
Pitching: RHP Mike Heath
Batting: RHB Kyle Watkins 0-0: Foul Ball, location: 2F
0-1: Swinging Strike
0-2: Strikes out swinging
Batting: LHB Peter Puckett 0-0: Called Strike
0-1: Ball
1-1: DOUBLE (Line Drive, 3L)
Batting: LHB Carl Hayden 0-0: Called Strike
0-1: Ball
1-1: Foul Ball, location: 2F
1-2: Foul Ball, location: 2F
1-2: Ball
2-2: Ball
3-2: DOUBLE (Flyball, 78M)
Peter Puckett scores
Batting: RHB Daniel Dillard 0-0: Ball
1-0: SINGLE (Line Drive, 56D)
Carl Hayden to third
Batting: RHB Jorge López 0-0: Called Strike
0-1: Foul Ball, location: 2F
0-2: Ball
1-2: SINGLE (Line Drive, 8RS)
Carl Hayden scores
Daniel Dillard to second
Daniel Dillard to third
Batting: RHB Carl O'Dell 0-0: Ball
1-0: Ball
2-0: Ball
3-0: Called Strike
3-1: Foul Ball, location: 2F
3-2: Base on Balls
Jorge López to second
Batting: RHB Vaughan Tillman 0-0: Foul Ball, location: 2F
0-1: Ball
1-1: Fly out, F8 (Flyball, 78D)
Runner from 3rd tags up, SCORES, no throw
Batting: LHB Ken Nelson 0-0: Foul Ball, location: 2F
0-1: SINGLE (Line Drive, 7LM)
Jorge López to third
Carl O'Dell to second
Runner from 3rd tries for Home, SAFE, no throw or cutoff
Pitching: RHP Bob Jordan
Batting: LHB Tom Hall 0-0: Called Strike
0-1: Ball
1-1: Ball
2-1: Ball
3-1: Base on Balls
Carl O'Dell to third
Ken Nelson to second
Batting: RHB Kyle Watkins 0-0: Ball
1-0: Foul Ball, location: 2F
1-1: Ball
2-1: Ball
3-1: Base on Balls
Carl O'Dell scores
Ken Nelson to third
Tom Hall to second
Batting: LHB Peter Puckett 0-0: Ball
1-0: Ball
2-0: Foul Ball, location: 2F
2-1: Swinging Strike
2-2: Foul Ball, location: 2F
2-2: DOUBLE (Line Drive, 78D)
Ken Nelson scores
Tom Hall scores
Kyle Watkins to third
Runner from 3rd tries for Home, SAFE, no throw or cutoff
Batting: LHB Carl Hayden 0-0: Swinging Strike
0-1: Ball
1-1: Called Strike
1-2: Strikes out looking
Bottom of the 8th over - 8 run(s), 6 hit(s), 0 error(s), 1 left on base; Oceanside HS 2 - Otsego HS 20
TOP OF THE 9TH
Oceanside HS Pirates batting - Pitching for Otsego HS Bulldogs : RHP Kevin Lyon
Batting: RHB Bill Davis 0-0: DOUBLE (Line Drive, 7LD)
Batting: RHB Stan Taylor 0-0: Ball
1-0: Ground out 5-3 (Groundball, 56)
Batting: SHB Ryan Holcomb 0-0: Called Strike
0-1: Ball
1-1: Foul Ball, location: 2F
1-2: Strikes out swinging
Batting: LHB Michael Hanson 0-0: Ball
1-0: Ball
2-0: Ball
3-0: Called Strike
3-1: Base on Balls
Batting: RHB Jake Brown 0-0: Swinging Strike
0-1: Called Strike
0-2: Ball
1-2: Ground out 2-3 (Groundball, 2L)
Top of the 9th over - 0 run(s), 1 hit(s), 0 error(s), 2 left on base; Oceanside HS 2 - Otsego HS 20
This league is powered by Out of the Park Baseball, the baseball management simulation game for PC, Mac and Linux
Wednesday, December 2nd, 2015 - OOTP Baseball 16.8 Build 38